 Dungeon Crawl Stone Soup version 0.18.1-48-g4cf74bf (webtiles) character file.

32627 dearth the Basher (level 13, -4/116 HPs)
             Began as a Minotaur Fighter on May 25, 2016.
             Was a High Priest of Okawaru.
             Slain by a sphinx (11 damage)
             ... summoned by Kirke
             ... on level 14 of the Dungeon on July 29, 2016.
             The game lasted 00:49:10 (13140 turns).

dearth the Basher (Minotaur Fighter)               Turns: 13140, Time: 00:49:10

Health: -4/116     AC:  0    Str: 25    XL:     13   Next: 32%
Magic:  16/16      EV: 22    Int:  5    God:    Okawaru [*****.]
Gold:   622        SH:  0    Dex: 11    Spells: 0 memorised, 12 levels left

rFire  . . .     SeeInvis .       - Unarmed
rCold  . . .     Gourm    .     (armour currently unavailable)
rNeg   . . .     Faith    .     (shield currently unavailable)
rPois  .         Spirit   .     (helmet currently unavailable)
rElec  .         Dismiss  .     (cloak currently unavailable)
rCorr  .         Reflect  +     (gloves currently unavailable)
SustAt .         Harm     .     (boots currently unavailable)
MR     .....                    a - +4 amulet of reflection
Stlth  +.........               (ring currently unavailable)
                                (ring currently unavailable)

@: confused, pig-form, heroism, finesse, slowed, not resistant to hostile
enchantments, very unstealthy
A: (retaliatory headbutt), (hooves 0), (horns 0), wild magic 1, MP-powered wands
a: Heroism, Finesse, Renounce Religion


You were on level 14 of the Dungeon.
You worshipped Okawaru.
Okawaru was extremely pleased with you.
You were not hungry.
You were a filthy swine.
You visited 1 branch of the dungeon, and saw 14 of its levels.

You collected 853 gold pieces.
You spent 231 gold pieces at shops.

Inventory:

Hand Weapons
 P - the +3 flail "Ref Fith" (melded) {speed, rElec MP+9 Str+4}
   (Okawaru gifted it to you on level 13 of the Dungeon)

   Attacks with this weapon are significantly faster.
   It affects your strength (+4).
   It insulates you from electricity.
   It affects your magic capacity (+9).
Missiles
 q - 2 needles of confusion
Armour
 c - a +1 shield (melded)
 p - a +2 pair of gloves (melded)
 B - a +0 chain mail of cold resistance (melded)
 I - a +1 ring mail of magic resistance
Jewellery
 a - a +4 amulet of reflection (around neck)
 g - a +3 ring of evasion (melded)
 h - an uncursed amulet of magic regeneration {unknown}
 u - an uncursed ring of protection from magic {unknown}
 D - a +5 ring of intelligence
 F - a +6 ring of slaying (melded)
 J - an uncursed ring of resist corrosion
Wands
 e - a wand of lightning (5/15)
 k - a wand of digging (21/24)
 t - a wand of random effects (43/48)
 v - a wand of paralysis (18/24)
 w - a wand of lightning (2/15)
 y - a wand of confusion (21/48)
 A - a wand of polymorph (11/24)
 C - a wand of confusion (13/48)
 G - a wand of teleportation (3/9)
 K - a wand of confusion (25/48)
Scrolls
 b - 3 scrolls of magic mapping
 d - 4 scrolls of enchant armour
 j - 8 scrolls of identify
 l - 3 scrolls of teleportation
 m - 3 scrolls of recharging
 s - a scroll of fog
 E - a scroll of enchant weapon
 L - 3 scrolls of remove curse
Potions
 i - 3 potions of flight
 n - a potion of berserk rage {unknown}
 r - 9 potions of curing
 x - 3 potions of heal wounds
 H - 2 potions of haste
Miscellaneous
 O - a phantom mirror
Comestibles
 f - 5 bread rations
 o - 18 fruits
 z - 4 meat rations


   Skills:
 + Level 11.1(16.1) Fighting
 * Level 13.8(18.8) Maces & Flails
 + Level 10.8(15.8) Armour
 + Level 9.3(14.3) Dodging
 + Level 11.5(16.5) Shields
 + Level 6.4 Invocations
 + Level 6.1 Evocations


You had 12 spell levels left.
You didn't know any spells.

Dungeon Overview and Level Annotations

Branches:
Dungeon (14/15)            Temple (0/1) D:7            Lair (0/8) D:10
    Orc (0/2) D:10
 Vaults: D:13-14

Altars:
Cheibriados
Dithmenos
Gozag
Kikubaaqudgha
Nemelex Xobeh
Okawaru
Sif Muna
Yredelemnul

Shops:
D:8 !

Annotations:
D:10 Fannar
D:14 Kirke


Innate Abilities, Weirdness & Mutations

((You reflexively headbutt those who attack you in melee.))
((You have a pair of horns on your head.))
((You have large cloven feet.))
Your spells are a little harder to cast, but a little more powerful.
You expend magic power (3 MP) to strengthen your wands.


Message History

You feel less resistant to cold. The sphinx hits you!!
The sphinx closely misses you. x2
You completely miss Kirke.
Kirke is severely wounded.
The hog misses you. The hog bites you!
* * * LOW HITPOINT WARNING * * *
The hog closely misses you.
You bite Kirke!
Kirke is severely wounded.
The sphinx casts a spell.
You are confused.
Kirke points at you and mumbles some strange words.
You struggle to resist.
The hog bites you!
* * * LOW HITPOINT WARNING * * *
The hog closely misses you. The hog bites you.
* * * LOW HITPOINT WARNING * * *
You bite Kirke!
Kirke is severely wounded.
The sphinx completely misses you. The sphinx misses you. The sphinx hits you!
You die...

........#
#.............# #.#
#########
##########'##.# #)## #
#.. .# #..# #
#####'###### ##.#
############..........#
#.#
...........'..........#
#.# #########
#..........## ###.# .#
#...Hhh....##F###...#
.#
#.>H@hh..........:..#
.#
###'###..####.##....#
.# #.####.# #.....).#
.# #....#.##########.#
.## #..............#
..# #..............#
..########
#.....#)#......#
.........#
#....#####.....#
†........# #.....
......##


You could see Kirke, a sphinx, a manticore and 3 hogs.

Vanquished Creatures
  Frances (D:14)
  Roxanne (D:14)
  Josephine (D:13)
  A hydra (D:9)
  A centaur warrior (D:14)
  The ghost of Inkary the Fighter, a journeyman GrBe of Trog (D:11)
  Erolcha (D:12)
  A death knight (D:12)
  A dancing weapon (D:14)
  The ghost of junkhipster the Protected, a journeyman GrFi of Cheibriados (D:11)
  Pikel (D:5)
  2 unseen horrors
  7 hill giants
  A wolf spider zombie (D:13)
  A griffon (D:14)
  3 ugly things
  A manticore (D:13)
  A cyclops (D:13)
  2 kobold demonologists (D:13)
  2 tengu conjurers (D:13)
  4 trolls
  4 two-headed ogres
  Grinder (D:5)
  2 slime creatures (D:14)
  2 shadows
  A vampire (D:14)
  A wyvern (D:11)
  15 yaks
  Eustachio (D:5)
  3 hogs (D:14)
  5 wraiths (D:13)
  3 vampire mosquitoes (D:12)
  2 hippogriffs (D:13)
  A hungry ghost (D:8)
  4 wargs (D:14)
  2 water moccasins
  3 sky beasts
  An ice beast (D:5)
  A black bear (D:13)
  A necrophage (D:5)
  9 orc warriors
  2 wasps
  2 phantoms
  6 ogres
  4 centaurs
  A crocodile (D:13)
  Blork the orc (D:6)
  7 big kobolds
  7 giant frogs
  2 wyvern skeletons
  5 scorpions
  10 killer bees
  A water moccasin skeleton (D:10)
  11 wights
  7 howler monkeys
  2 electric eels (D:14)
  4 centaur zombies
  11 crimson imps
  2 giant frog zombies
  2 quasits (D:11)
  8 hounds
  5 jellies
  16 orc wizards
  Crazy Yiuf (D:2)
  A giant frog skeleton (D:4)
  6 orc priests
  Terence (D:2)
  2 iguanas
  8 worker ants
  2 sheep (D:9)
  A killer bee zombie (D:7)
  3 hound skeletons
  A worker ant zombie (D:8)
  A howler monkey zombie (D:8)
  Robin (D:2)
  17 adders
  4 shadow imps
  2 dart slugs
  4 worms
  3 giant geckos
  52 orcs
  7 bats
  3 giant cockroaches
  15 goblins
  6 hobgoblins
  8 jackals
  27 kobolds
  4 quokkas
  4 giant newts
  A quokka skeleton (D:4)
  A quokka zombie (D:5)
  8 rats
  3 rat zombies (D:9)
  6 plants (D:10)
416 creatures vanquished.

Vanquished Creatures (others)
  An orc warrior (D:14)
  A centaur (D:13)
  A crimson imp (D:5)
  A gnoll (D:5)
  An orc (D:5)
  A goblin (D:5)
  3 kobolds
9 creatures vanquished.

Grand Total: 425 creatures vanquished

Notes
Turn   | Place    | Note
--------------------------------------------------------------
     0 | D:1      | dearth the Minotaur Fighter began the quest for the Orb.
     0 | D:1      | Reached XP level 1. HP: 19/19 MP: 0/0
     0 | D:1      | Upgraded the game from 0.18.1-8-gdd0e5ea to 0.18.1-48-g4cf74bf
   115 | D:1      | Reached XP level 2. HP: 24/27 MP: 1/1
   731 | D:2      | Reached skill level 1 in Dodging
   731 | D:2      | Reached XP level 3. HP: 30/33 MP: 2/2
   751 | D:2      | Found a shadowy altar of Dithmenos.
   836 | D:2      | Noticed Crazy Yiuf
   843 | D:2      | Killed Crazy Yiuf
   889 | D:2      | Noticed Robin
   890 | D:2      | Reached XP level 4. HP: 36/40 MP: 3/3
   897 | D:2      | Killed Robin
   995 | D:2      | Found a snail-covered altar of Cheibriados.
  1133 | D:2      | Noticed Terence
  1146 | D:2      | Killed Terence
  1406 | D:2      | Reached skill level 3 in Maces & Flails
  1406 | D:2      | Reached XP level 5. HP: 18/47 MP: 4/4
  1605 | D:3      | Reached skill level 5 in Shields
  1749 | D:3      | Found a sparkling altar of Nemelex Xobeh.
  1932 | D:3      | Found a basalt altar of Yredelemnul.
  1935 | D:3      | Found an opulent altar of Gozag.
  2112 | D:3      | Reached XP level 6. HP: 49/53 MP: 5/5
  2422 | D:4      | Reached skill level 4 in Maces & Flails
  2456 | D:4      | Reached skill level 5 in Fighting
  2696 | D:4      | Reached XP level 7. HP: 61/61 MP: 6/6
  2925 | D:4      | Reached skill level 5 in Maces & Flails
  3176 | D:5      | Entered Level 5 of the Dungeon
  3176 | D:5      | Noticed Pikel
  3393 | D:5      | Noticed Eustachio
  3421 | D:5      | Killed Pikel
  3421 | D:5      | Reached skill level 6 in Maces & Flails
  3421 | D:5      | Reached skill level 5 in Armour
  3421 | D:5      | Reached skill level 5 in Dodging
  3421 | D:5      | Reached XP level 8. HP: 68/70 MP: 7/7
  3467 | D:5      | Killed Eustachio
  3657 | D:5      | Found an iron altar of Okawaru.
  3736 | D:5      | Reached skill level 1 in Evocations
  4007 | D:5      | Noticed Grinder
  4017 | D:5      | Killed Grinder
  4017 | D:5      | Reached skill level 7 in Maces & Flails
  4265 | D:6      | Reached XP level 9. HP: 27/78 MP: 9/9
  4841 | D:6      | Noticed Blork the orc
  4855 | D:6      | Killed Blork the orc
  4922 | D:6      | Reached skill level 8 in Maces & Flails
  5271 | D:6      | Found a deep blue altar of Sif Muna.
  5453 | D:5      | Became a worshipper of Warmaster Okawaru
  5698 | D:7      | Reached skill level 9 in Maces & Flails
  5817 | D:7      | Found a staircase to the Ecumenical Temple.
  6158 | D:8      | Reached * piety under Okawaru
  6380 | D:8      | Reached XP level 10. HP: 88/88 MP: 11/11
  6626 | D:8      | Found Jonyw's Distillery.
  6629 | D:8      | Bought a potion of heal wounds for 55 gold pieces
  6629 | D:8      | Bought a potion of curing for 33 gold pieces
  6629 | D:8      | Bought a potion of haste for 110 gold pieces
  6629 | D:8      | Bought a potion of curing for 33 gold pieces
  7039 | D:9      | Reached skill level 1 in Invocations
  7081 | D:9      | Reached ** piety under Okawaru
  7099 | D:9      | Reached skill level 10 in Maces & Flails
  7541 | D:9      | Gained mutation: You have large cloven feet. [potion of mutation]
  7541 | D:9      | Gained mutation: You expend magic power (3 MP) to strengthen your wands. [potion of mutation]
  7541 | D:9      | Gained mutation: Your spells are a little harder to cast, but a little more powerful. [potion of mutation]
  7706 | D:9      | Noticed a three-headed hydra
  7710 | D:9      | Killed a three-headed hydra
  7874 | D:9      | Reached *** piety under Okawaru
  7909 | D:9      | Found an ancient bone altar of Kikubaaqudgha.
  8052 | D:10     | Entered Level 10 of the Dungeon
  8052 | D:10     | Noticed Fannar
  8201 | D:10     | Found a staircase to the Lair.
  8362 | D:10     | Reached XP level 11. HP: 95/95 MP: 12/12
  8477 | D:10     | Found a staircase to the Orcish Mines.
  8693 | D:10     | Killed an unseen horror
  8707 | D:10     | Reached skill level 11 in Maces & Flails
  8725 | D:10     | Reached **** piety under Okawaru
  8901 | D:11     | Noticed a hill giant
  8910 | D:11     | Killed a hill giant
  8910 | D:11     | Reached skill level 10 in Shields
  8927 | D:11     | Noticed Inkary's ghost (journeyman GrBe)
  8946 | D:11     | Killed Inkary's ghost
  8961 | D:11     | Noticed junkhipster's ghost (journeyman GrFi)
  8977 | D:11     | Killed junkhipster's ghost
  9265 | D:11     | Killed an unseen horror
  9580 | D:12     | Noticed a red ugly thing
  9586 | D:12     | Killed a red ugly thing
  9650 | D:12     | Reached ***** piety under Okawaru
  9754 | D:12     | Reached skill level 12 in Maces & Flails
  9784 | D:12     | Noticed Erolcha
  9792 | D:12     | Killed Erolcha
  9881 | D:12     | Noticed a death knight
  9910 | D:12     | Killed a death knight
  9910 | D:12     | Reached XP level 12. HP: 56/106 MP: 12/14
 10465 | D:12     | Reached skill level 5 in Invocations
 10662 | D:13     | Reached skill level 10 in Fighting
 10831 | D:13     | Reached skill level 10 in Armour
 10844 | D:13     | Reached skill level 5 in Evocations
 10850 | D:13     | Noticed Josephine
 10883 | D:13     | Killed Josephine
 10883 | D:13     | Received a gift from Okawaru
 10907 | D:13     | Got a warped flail {god gift}
 11351 | D:13     | Identified the +3 flail "Ref Fith" {speed, rElec MP+9 Str+4} (Okawaru gifted it to you on level 13 of the Dungeon)
 11762 | D:13     | Reached skill level 13 in Maces & Flails
 12520 | D:14     | Noticed a centaur warrior
 12524 | D:14     | Killed a centaur warrior
 12524 | D:14     | Received a gift from Okawaru
 12694 | D:14     | Reached XP level 13. HP: 115/115 MP: 16/16
 12818 | D:14     | Noticed Frances
 12837 | D:14     | Killed Frances
 12837 | D:14     | Received a gift from Okawaru
 12995 | D:14     | Noticed Roxanne
 13036 | D:14     | Killed Roxanne
 13038 | D:14     | Identified Roxanne's Almanac of Transmigration (You took it off Roxanne on level 14 of the Dungeon)
 13123 | D:14     | Noticed Kirke
 13130 | D:14     | Noticed a sphinx
 13140 | D:14     | Slain by a sphinx

Skill      XL: |  1  2  3  4  5  6  7  8  9 10 11 12 13 |
---------------+----------------------------------------+-----
Shields        | 4 5 7 8 9 10 11 | 11.5
Armour         | 4 5 7 8 9 10 | 10.8
Fighting       | 4 5 6 7 8 9 10 11 | 11.1
Dodging        | 1 2 3 5 6 8 9 |  9.3
Maces & Flails | 3 4 6 7 9 10 12 13 | 13.8
Evocations     | 1 3 4 5 6 |  6.1
Invocations    | 3 4 5 6 |  6.4

Action                   |  1- 3 |  4- 6 |  7- 9 | 10-12 | 13-15 || total
-------------------------+-------+-------+-------+-------+-------++-------
Melee: Flail             |    99 |   177 |   419 |   658 |    72 ||  1425
       Headbutt          |    13 |    30 |    79 |   136 |    28 ||   286
       Kick              |       |       |       |   194 |    33 ||   227
       Unarmed           |       |       |       |       |     3 ||     3
Invok: Heroism           |       |       |       |     5 |     2 ||     7
       Finesse           |       |       |       |     2 |     2 ||     4
  Use: Scroll            |       |     9 |     2 |     8 |     1 ||    20
       Potion            |       |       |       |    10 |       ||    10
  Eat: Chunk             |       |     1 |     1 |     3 |       ||     5
       Meat ration       |       |     1 |       |     2 |       ||     3
       Beef jerky        |       |       |     2 |     1 |       ||     3
       Royal jelly       |       |       |     2 |       |       ||     2
       Bread ration      |       |       |     1 |       |     1 ||     2
       Pizza             |       |       |       |     6 |       ||     6
Armor: Scale mail        |    53 |    64 |   122 |    90 |       ||   329
       Chain mail        |       |       |       |       |    11 ||    11
Dodge: Dodged            |    39 |    75 |   221 |   153 |    23 ||   511
Block: Shield            |    70 |   100 |   317 |   416 |    40 ||   943
       Reflection        |       |       |     2 |    32 |     3 ||    37
